 Dungeon Crawl Stone Soup version 0.31.0-11-ge490571c62 (webtiles) character file.

Game seed: 18217004820997305242

4077 mopl the Carver (level 10, -5/79 HPs)
             Began as a Merfolk Fighter on Feb 8, 2024.
             Slain by a troll (15 damage)
             ... on level 7 of the Dungeon.
             The game lasted 00:11:14 (7436 turns).

mopl the Carver (Merfolk Fighter)                   Turns: 7436, Time: 00:11:14

Health: -5/79      AC: 11    Str: 21    XL:     10   Next: 25%
Magic:  10/10      EV: 13    Int:  7    God:
Gold:   65         SH:  5    Dex: 14    Spells: 9/9 levels left

rFire   + . .        b - +2 dagger (venom)
rCold   . . .        c - +0 buckler
rNeg    + . .        l - +1 scale mail {rPois}
rPois   +            (no helmet)
rElec   .            v - scarf {harm}
rCorr   .            (no gloves)
SInv    .            L - +2 pair of boots {rF+}
Will    .....        H - amulet of regeneration Stlth
                     i - ring of positive energy
HPRegen 1.13/turn    (no ring)
MPRegen 0.12/turn

%: harm (+30% outgoing, +20% incoming)
@: no status effects
A: (nimble swimmer 2), mertail
a: no special abilities


You were on level 7 of the Dungeon.
You visited 2 branches of the dungeon, and saw 9 of its levels.

You collected 453 gold pieces.
You spent 388 gold pieces at shops.

Inventory:

Hand Weapons
 a - a +0 long sword
 b - a +2 dagger of venom (weapon)
 G - a +2 heavy spear
Missiles
 t - 13 poisoned darts (quivered)
 x - 2 throwing nets
 B - 2 atropa-tipped darts
 K - 5 boomerangs
Armour
 c - a +0 buckler (worn)
 l - a +1 scale mail of poison resistance (worn)
 v - a scarf of harm (worn)
 I - the +3 buckler "Waatt" {rPois rC- Regen+ Int+4}
   (You found it on level 7 of the Dungeon)

   Int+4:     It affects your intelligence (+4).
   rC-:       It makes you vulnerable to cold.
   rPois:     It protects you from poison Regen+: It increases your rate of
   health regeneration.
 L - a +2 pair of boots of fire resistance (worn)
Jewellery
 i - a ring of positive energy (left hand)
 H - an amulet of regeneration (around neck)
Wands
 C - a wand of roots (6)
 J - a wand of flame (11)
Scrolls
 e - 3 scrolls of amnesia {unknown}
 f - a scroll of poison {unknown}
 g - 2 scrolls of fog {unknown}
 k - 2 scrolls of blinking {unknown}
 n - 8 scrolls of identify {unknown}
 p - 10 scrolls of teleportation
 q - 3 scrolls of vulnerability {unknown}
 s - a scroll of torment {unknown}
 u - a scroll of silence {unknown}
 w - 3 scrolls of immolation
 y - a scroll of enchant armour {unknown}
 A - a scroll of fear {unknown}
Potions
 d - a potion of might
 j - a potion of cancellation {unknown}
 m - 2 potions of curing {unknown}
 o - 2 potions of lignification
 r - 2 potions of enlightenment
 z - 2 potions of magic {unknown}
 D - a potion of heal wounds {unknown}
 E - a potion of mutation {unknown}
 F - a potion of brilliance


   Skills:
 + Level 7.4 Fighting
 * Level 10.5 Long Blades
 + Level 5.0 Throwing
 + Level 4.9 Armour
 + Level 7.5 Dodging
 - Level 3.0 Shields
 + Level 2.0 Evocations


You had 9 spell levels left.
You didn't know any spells.
Your spell library contained the following spells:

 Spells                   Type           Power      Damage    Failure   Level
 Apportation              Tloc           0%         N/A       83%         1
 Necrotise                Necr           0%         1d4       83%         1
 Sting                    Conj/Alch      0%         1d3       83%         1
 Summon Small Mammal      Summ           0%         N/A       83%         1
 Call Canine Familiar     Summ           0%         N/A       99%         3
 Dazzling Flash           Conj/Hex       0%         N/A       99%         3
 Tukima's Dance           Hex            0%         N/A       99%         3
 Volatile Blastmotes      Fire/Tloc      0%         2d10      99%         3
 Animate Dead             Necr           0%         N/A       100%        4
 Dimensional Bullseye     Hex/Tloc       0%         N/A       100%        4
 Iskenderun's Mystic Bla  Conj/Tloc      0%         2d3       100%        4
 Leda's Liquefaction      Alch/Erth      0%         N/A       100%        4
 Summon Blazeheart Golem  Fire/Summ      0%         N/A       100%        4
 Borgnjor's Vile Clutch   Necr/Erth      0%         N/A       100%        5
 Lee's Rapid Deconstruct  Erth           0%         3d4*      100%        5
 Bombard                  Conj/Erth      0%         9d1       100%        6
 Death Channel            Necr           0%         N/A       100%        6
 Starburst                Conj/Fire      0%         6d3       100%        6
 Maxwell's Capacitive Co  Air            0%         ∞         100%        8
 Chain Lightning          Conj/Air       0%         N/A       100%        9
 Fire Storm               Conj/Fire      0%         5d1       100%        9
 Shatter                  Erth           0%         3d5*      100%        9


Dungeon Overview and Level Annotations

Branches:
Dungeon (8/15)             Temple (1/1) D:5
   Lair: D:8-11

Altars:
Cheibriados
Dithmenos
Elyvilon
Fedhas
Gozag
Hepliaklqana
Makhleb
Nemelex Xobeh
Qazlal
Ru
Sif Muna
Trog
Uskayaw
Vehumet
Wu Jian
Yredelemnul
Zin
The Shining One

Shops:
D:1 *   D:4 *   D:6 *


Innate Abilities, Weirdness & Mutations

((You are very nimble when in or above water. (Stealth+, EV+, Speed+++)))
Your lower body shifts to a powerful aquatic tail in water.


Message History

You hit the troll.
The troll is lightly wounded.
The troll bites you but does no damage. The troll claws you but does no damage.
You block the troll's attack.
You hit the troll.
The troll is lightly wounded.
You barely miss the troll.
The troll is lightly wounded.
The troll bites you but does no damage. The troll barely misses you.
The troll claws you.
You closely miss the troll.
The troll is lightly wounded.
The troll closely misses you. The troll claws you. The troll barely misses you.
You closely miss the troll.
The troll is lightly wounded.
The troll bites you! You block the troll's attack. The troll claws you.
You are too injured to fight recklessly!
You are too injured to fight recklessly!
You are too injured to fight recklessly!
You hit the troll.
The troll looks even sicker.
The troll is moderately wounded.
You hit the troll.
The troll looks as sick as possible!
The troll is moderately wounded.
The troll bites you! The troll claws you!
* * * LOW HITPOINT WARNING * * *
The troll claws you.
* * * LOW HITPOINT WARNING * * *
You hit the troll but do no damage.
The troll is moderately wounded.
The troll misses you.
The troll claws you but does no damage. x2
You completely miss the troll.
The troll is moderately wounded.
You hit the troll.
The troll is heavily wounded.
The troll bites you.
* * * LOW HITPOINT WARNING * * *
You block the troll's attack. x2
Items here: ) [ ††.
The troll attacks as it pursues you! The troll bites you!
You die...

............##...............#
............######.≈≈≈≈§≈≈≈§.#
..............####.§.......≈.#
............#..##..§.#####.≈.#
.......#######.....≈.#.....≈.#
.......# ##....≈.#._.#.≈.##
.......## ####.≈.....#.≈..#
........##########.≈.#####.≈..#
#....##.....[>[T@#.≈.......≈..#
..##..#.....[....#.≈≈≈§≈≈≈.§..#
.####............#............#
.# ####.........#...<####....#
.#######.........####..(...####
...).).....<..........######
.#######.........###### .#
#.........# .# #.........#


You could see a troll (very poisoned).

Vanquished Creatures
  Jeremiah (D:6)
  Prince Ribbit (D:6)
  Sigmund (D:3)
  Grum (D:8)
  A steam dragon (D:7)
  3 water moccasins
  2 ice beasts (D:7)
  An orc warrior (D:7)
  A black bear (D:7)
  4 sky beasts
  5 wolves (D:7)
  A phantom (D:5)
  Blork the orc (D:5)
  3 bullfrogs (D:6)
  2 gnoll sergeants
  A scorpion (D:2)
  A water moccasin skeleton (D:5)
  3 killer bees (D:7)
  A howler monkey (D:3)
  A bullfrog zombie (D:5)
  A bombardier beetle (D:7)
  2 orc priests
  3 hounds
  A sleepcap (D:5)
  2 jellies (D:6)
  2 bullfrog skeletons (D:5)
  A gnoll bouda (D:8)
  3 iguanas
  7 orc wizards
  A scorpion zombie (D:5)
  A killer bee zombie (D:5)
  12 gnolls
  11 adders
  2 shadow imps
  2 ufetubi (D:7)
  A ribbon worm (D:2)
  3 dart slugs
  9 orcs
  4 endoplasms
  2 giant cockroaches
  7 hobgoblins
  10 jackals
  A quokka (D:1)
  4 ball pythons
  4 bats
  15 frilled lizards
  3 goblins
  3 kobolds
  4 rats
156 creatures vanquished.

Notes
Turn   | Place    | Note
-------+----------+-------------------------------------------
     0 | D:1      | mopl the Merfolk Fighter began the quest for the Orb.
     0 | D:1      | Reached XP level 1. HP: 18/18 MP: 1/1
   119 | D:1      | Reached XP level 2. HP: 24/24 MP: 2/2
   201 | D:1      | Reached skill level 3 in Long Blades
   201 | D:1      | Reached skill level 1 in Dodging
   427 | D:1      | Found Fashri's General Store.
   799 | D:1      | Reached XP level 3. HP: 9/29 MP: 3/3
  1241 | D:2      | Reached XP level 4. HP: 30/37 MP: 4/4
  1531 | D:2      | Noticed a scorpion
  1558 | D:2      | Killed a scorpion
  1559 | D:2      | Reached skill level 4 in Long Blades
  1559 | D:2      | Reached XP level 5. HP: 42/42 MP: 5/5
  1886 | D:3      | Reached XP level 6. HP: 48/48 MP: 6/6
  1959 | D:3      | Reached skill level 5 in Long Blades
  2047 | D:3      | Noticed Sigmund
  2061 | D:3      | Killed Sigmund
  2555 | D:4      | Found a snail-covered altar of Cheibriados.
  2602 | D:4      | Found a hide-covered altar of Uskayaw.
  2605 | D:4      | Found a sacrificial altar of Ru.
  2708 | D:4      | Found Acyzir's Fire Supplies.
  2737 | D:4      | Bought a scroll of immolation for 44 gold pieces
  2999 | D:4      | Reached XP level 7. HP: 54/55 MP: 7/7
  3187 | D:5      | Entered Level 5 of the Dungeon
  3278 | D:5      | Reached skill level 6 in Long Blades
  3284 | D:5      | Identified the +9 chain mail of Cocsae {Rampage rPois Str-3
                  | Slay-6}
  3389 | D:5      | Reached skill level 5 in Fighting
  3389 | D:5      | Reached skill level 1 in Throwing
  3818 | D:5      | Found a staircase to the Ecumenical Temple.
  3831 | Temple   | Entered the Ecumenical Temple
  4002 | D:5      | Reached XP level 8. HP: 62/62 MP: 8/8
  4069 | D:5      | Noticed Blork the orc
  4085 | D:5      | Killed Blork the orc
  4086 | D:5      | Reached skill level 7 in Long Blades
  4509 | D:5      | Reached skill level 5 in Dodging
  4584 | D:5      | HP: 1/63 [gnoll/+0 flail[a gnoll sergeant] (4)]
  4828 | D:6      | Found a basalt altar of Yredelemnul.
  4887 | D:6      | Found a shimmering blue altar of Sif Muna.
  5079 | D:6      | Reached skill level 8 in Long Blades
  5139 | D:6      | Found an opulent altar of Gozag.
  5277 | D:6      | Noticed Prince Ribbit
  5302 | D:6      | Killed Prince Ribbit
  5303 | D:6      | Reached XP level 9. HP: 42/69 MP: 9/9
  5377 | D:6      | Found Nagorint's Elemental Accessories.
  5377 | D:6      | Noticed Jeremiah
  5415 | D:6      | Killed Jeremiah
  5416 | D:6      | Reached skill level 9 in Long Blades
  5642 | D:6      | Found a white marble altar of Elyvilon.
  5900 | D:1      | Bought a potion of brilliance for 48 gold pieces
  5900 | D:1      | Bought a potion of enlightenment for 60 gold pieces
  6401 | D:7      | Found a bloodstained altar of Trog.
  6435 | D:7      | Identified the +3 buckler "Waatt" {rPois rC- Regen+ Int+4}
  6489 | D:7      | Found a glowing golden altar of the Shining One.
  6686 | D:7      | Found a blossoming altar of Fedhas.
  6964 | D:4      | Bought a +2 pair of boots of fire resistance for 236 gold
                  | pieces
  7048 | D:8      | Noticed Grum
  7066 | D:7      | Reached skill level 10 in Long Blades
  7079 | D:7      | Reached skill level 1 in Evocations
  7079 | D:7      | Reached XP level 10. HP: 46/79 MP: 10/10
  7213 | D:8      | Found a sparkling altar of Nemelex Xobeh.
  7320 | D:8      | Killed Grum
  7394 | D:7      | Reached skill level 5 in Throwing
  7436 | D:7      | Slain by a troll

Illustrated notes

Levels and vault maps discovered:
D:1:      amcnicky_arrival_double_pillar, layout_basic, serial_shops,
          nicolae_shop_advertising_works [nicolae_subvault_shop_adworks],
          chequers_serial_rivers_room_b, roderic_three_in_a_row
D:2:      layout_basic, minmay_lizard_pond
D:3:      layout_basic, uniq_sigmund
D:4:      layout_basic, grunt_temple_overflow_open, hangedman_decor_points,
          hangedman_decor_slide_cut, nicolae_shop_fire_sale
          [nicolae_sub_dead_trees]
D:5:      layout_basic, minmay_temple_entry_proselytizer, serial_undead,
          serial_undead_e, serial_undead_b, serial_undead_a, serial_undead_f,
          uniq_blork_the_orc
D:6:      layout_loops_corners, kennysheep_ying_yang, grunt_gozag_breadcrumbs,
          nicolae_sif_muna_condensation, nicolae_elemental_shop,
          corexii_checkpoint, uniq_prince_ribbit1, uniq_jeremiah
D:7:      layout_rooms, mainiacjoe_overflow_brackets, general_overflow_altar,
          trog_book
D:8:      layout_rooms, nemelex_xobeh_ov_fountains_minmay, erik_lair_island,
          minmay_misc_feat_secret_circle, uniq_grum
Temple:   nicolae_temple_ecumenical_triangle

Skill      XL: |  1  2  3  4  5  6  7  8  9 10 |
---------------+-------------------------------+-----
Long Blades    | 3 4 5 6 8 10 | 10.5
Dodging        | 1 2 3 4 6 7 |  7.5
Fighting       | 4 5 6 7 |  7.4
Armour         | 3 4 |  4.9
Throwing       | 1 3 4 5 |  5.0
Evocations     | 1 2 |  2.0
Shields        | |  3.0

Action                     |  1- 3 |  4- 6 |  7- 9 | 10-12 || total
---------------------------+-------+-------+-------+-------++-------
  Melee: Long sword        |    89 |    46 |    34 |       ||   169
         Whip              |       |    67 |       |       ||    67
         Dagger            |       |    27 |   431 |   137 ||   595
  Throw: Dart              |       |       |     6 |       ||     6
  Evoke: Wand              |       |       |     1 |       ||     1
    Use: Scroll            |       |       |     1 |       ||     1
         Potion            |       |       |     2 |       ||     2
 Armour: Scale mail        |    51 |   116 |   264 |    81 ||   512
         Skin              |       |       |    17 |       ||    17
  Dodge: Dodged            |    35 |    90 |   219 |    48 ||   392
  Block: Buckler           |    20 |    41 |    99 |    27 ||   187
